 Dungeon Crawl Stone Soup version 0.24-b1 (webtiles) character file.

Game seed: 4791993253066060439, levelgen mode: deterministic

96 MalarOregon the Conjurer (level 4, -10/36 HPs)
             Began as a Draconian Conjurer on Oct 13, 2019.
             Killed by divine providence
             ... invoked by an orc priest
              (13 damage)
             ... on level 3 of the Dungeon.
             The game lasted 00:03:38 (2700 turns).

MalarOregon the Conjurer (Draconian Conjurer)       Turns: 2700, Time: 00:03:39

Health: -10/36     AC:  5    Str: 11    XL:     4   Next: 41%
Magic:  0/8        EV: 12    Int: 16    God:
Gold:   73         SH:  0    Dex: 11    Spells: 7/8 levels left

rFire    . . .     SeeInvis .   i - +0 dagger (venom)
rCold    . . .     Gourm    .   (no shield)
rNeg     . . .     Faith    .   (armour unavailable)
rPois    .         Spirit   .   (helmet restricted)
rElec    .         Reflect  .   (no cloak)
rCorr    .         Harm     .   (no gloves)
MR       .....                  (no boots)
Stlth    ++........             l - amulet of rage
HPRegen  0.12/turn              (no ring)
MPRegen  0.11/turn              (no ring)

@: no status effects
A: unfitting armour, cold-blooded, AC +5
a: Evoke Berserk Rage


You were on level 3 of the Dungeon.
You were not hungry.

You visited 1 branch of the dungeon, and saw 3 of its levels.

You collected 73 gold pieces.

Inventory:

Hand Weapons
 a - a +0 dagger
   (You found it on level 1 of the Dungeon)
 i - a +0 dagger of venom (weapon)
   (You took it off an orc on level 3 of the Dungeon)
Missiles
 n - 13 poisoned darts (quivered)
Jewellery
 l - an amulet of rage (around neck)
   (You found it on level 2 of the Dungeon)
Scrolls
 b - 3 scrolls of remove curse {@r2}
 c - a scroll of immolation {unknown}
 f - a scroll of noise {unknown}
Potions
 d - a potion of agility {unknown}
 g - a potion of lignification {unknown}
 h - 2 potions of mutation {unknown}
 j - 2 potions of curing {unknown}
Comestibles
 e - 3 rations {!d}


   Skills:
 + Level 2.2 Fighting
 + Level 2.5 Dodging
 - Level 1.7 Stealth
 + Level 2.7 Spellcasting
 + Level 4.5 Conjurations


You had 7 spell levels left.
You knew the following spells:

 Your Spells              Type           Power        Failure   Level  Hunger
a - Magic Dart            Conj           ###.         3%          1    #......

Your spell library contained the following spells:

 Spells                   Type           Power        Failure   Level  Hunger
 Searing Ray              Conj           ###...       4%          2    ##.....
 Dazzling Spray           Conj/Hex       #.....       22%         3    ###....
 Iskenderun's Mystic Bla  Conj           ###.....     30%         4    #####..
 Force Lance              Conj/Tloc      #.......     58%         4    #####..
 Fulminant Prism          Conj/Hex       #.........   58%         4    #####..


Dungeon Overview and Level Annotations

Branches:
Dungeon (3/15)

Altars:


Innate Abilities, Weirdness & Mutations

Your plain brown scales are hard. (AC +5)
You cannot fit into any form of body armour.
You are cold-blooded and may be slowed by cold attacks.


Message History

You hit the orc priest but do no damage.
The orc priest misses you.
You hit the orc priest but do no damage.
The orc priest calls down the wrath of Beogh upon you.
Pain shoots through your body!
You hit the orc priest.
Your tail-slap misses the orc priest.
The orc priest hits you with a +0 dagger.
You hit the orc priest but do no damage.
The orc priest mumbles some strange prayers to Beogh against you.
Pain shoots through your body!
Aim: an orc priest, wielding a +0 dagger and wearing a +0 scale mail (heavily wounded)
The magic dart hits the orc priest but does no damage.
The orc priest closely misses you.
Aim: an orc priest, wielding a +0 dagger and wearing a +0 scale mail (heavily wounded)
The magic dart hits the orc priest.
The orc priest misses you.
Aim: an orc priest, wielding a +0 dagger and wearing a +0 scale mail (heavily wounded)
The magic dart hits the orc priest but does no damage.
The orc priest hits you with a +0 dagger.
You hit the orc priest but do no damage.
The orc priest mumbles some strange prayers to Beogh against you.
Beogh smites you!
* * * LOW HITPOINT WARNING * * *
You see here a +0 mace.
You see here a +0 dagger of venom.
i - a +0 dagger of venom Your +0 dagger of venom begins to drip with poison!
i - a +0 dagger of venom (weapon)
You hit the orc priest but do no damage.
The orc priest is poisoned.
You tail-slap the orc priest, but do no damage.
The orc priest hits you with a +0 dagger.
* * * LOW HITPOINT WARNING * * *
You hit the orc priest but do no damage.
The orc priest looks even sicker.
The orc priest hits you but does no damage.
Unknown command.
Aim: an orc priest, wielding a +0 dagger and wearing a +0 scale mail (severely wounded, poisoned)
The magic dart hits the orc priest but does no damage.
The orc priest hits you with a +0 dagger.
* * * LOW HITPOINT WARNING * * *
You hit the orc priest but do no damage.
The orc priest hits you but does no damage.
You closely miss the orc priest.
The orc priest hits you with a +0 dagger.
* * * LOW HITPOINT WARNING * * *
You hit the orc priest but do no damage.
The orc priest looks as sick as possible!
The orc priest invokes the aid of Beogh against you.
Beogh smites you!
You die...

#..........##..
#..<...#####..#
#......##......
#########......
#......
#########......
#..............
#######..############
#..)@o).## #.#####.#
### #).# ##..
........## ##...
######### #.... #....
#.... #.... #....


You could see an orc priest.

Vanquished Creatures
  An orc priest (D:3)
  An adder (D:2)
  A worm (D:3)
  4 dart slugs
  2 leopard geckos
  6 orcs (D:3)
  4 bats
  3 giant cockroaches
  A goblin (D:2)
  2 hobgoblins (D:1)
  A ball python (D:3)
  4 frilled lizards
  7 kobolds
  7 rats
44 creatures vanquished.

Notes
Turn   | Place    | Note
-------+----------+-------------------------------------------
     0 | D:1      | MalarOregon the Draconian Conjurer began the quest for the
                  | Orb.
     0 | D:1      | Reached XP level 1. HP: 14/14 MP: 3/3
   469 | D:1      | Reached XP level 2. HP: 22/22 MP: 1/5
   711 | D:1      | Reached skill level 1 in Fighting
  1221 | D:2      | Reached XP level 3. HP: 22/28 MP: 0/6
  1903 | D:3      | Reached XP level 4. HP: 36/36 MP: 2/7
  2700 | D:3      | Killed from afar by an orc priest

Skill      XL: |  1  2  3 |
---------------+----------+-----
Dodging        | 2 |  2.5
Fighting       | 1 2 |  2.2
Stealth        | |  1.7
Spellcasting   | |  2.7
Conjurations   | |  4.5

Action                   |  1- 3 |  4- 6 || total
-------------------------+-------+-------++-------
Melee: Dagger            |   105 |    46 ||   151
       Tailslap          |     9 |     6 ||    15
 Cast: Magic Dart        |    34 |    32 ||    66
  Use: Scroll            |       |     4 ||     4
  Eat: Chunk             |     4 |     2 ||     6
Armor: Skin              |    42 |     9 ||    51
Dodge: Dodged            |   105 |    24 ||   129
